 Dungeon Crawl Stone Soup version 0.31-a0-8-gd14b0f4ee2 (webtiles) character file.

Game seed: 12632497939451796699

3971 avis the Slicer (level 10, -3/41 (51) HPs)
             Began as a Vine Stalker Artificer on May 6, 2023.
             Was a Follower of Uskayaw.
             Slain by a wyvern (14 damage)
             ... on level 8 of the Dungeon.
             The game lasted 01:12:46 (7128 turns).

avis the Slicer (Vine Stalker Artificer)            Turns: 7128, Time: 01:12:47

HP:   -3/41 (51)    AC:  7    Str: 19    XL:     10   Next: 22%
MP:   0/17          EV: 12    Int: 11    God:    Uskayaw [*.....]
Gold: 395           SH:  0    Dex: 15    Spells: 11/17 levels left

rFire   + . .        w - +2 short sword (holy)
rCold   + . .        (no shield)
rNeg    . . .        R - +3 leather armour
rPois   .            f - +0 helmet
rElec   .            j - scarf {rC+ rF+}
rCorr   .            (no gloves)
SInv    .            (no boots)
Will    +....        (no amulet)
Stlth   +++          (no ring)
HPRegen 1.06/turn    (no ring)
MPRegen 0.15/turn

%: guardian spirit
@: heavily drained
A: fangs 3, regeneration 1, magic shield, antimagic bite, no potion heal 2
a: Renounce Religion, Stomp


You were on level 8 of the Dungeon.
You worshipped Uskayaw.
Uskayaw was noncommittal.
You visited 2 branches of the dungeon, and saw 9 of its levels.
You also visited: Sewer.

You collected 395 gold pieces.

Inventory:

Hand Weapons
 a - a +1 vampiric whip
 b - a +1 dagger of draining
 h - a +2 morningstar
 r - a +1 mace
 w - a +2 short sword of holy wrath (weapon)
 x - a +2 great sword
 A - a +2 shortbow of freezing
 F - a +4 short sword
Missiles
 m - 31 poisoned darts (quivered)
 L - a curare-tipped dart
 Q - 2 throwing nets
 X - a boomerang
Armour
 f - a +0 helmet (worn)
 j - a scarf of resistance (worn)
 P - an orb of wrath
 R - a +3 leather armour (worn)
Wands
 c - a wand of flame (21)
 d - a wand of charming (18)
 e - a wand of iceblast (13)
 K - a wand of acid (4)
Scrolls
 g - 3 scrolls of magic mapping {unknown}
 i - 3 scrolls of enchant weapon {unknown}
 k - a scroll of blinking {unknown}
 l - 3 scrolls of torment {unknown}
 n - a scroll of enchant armour {unknown}
 o - 3 scrolls of teleportation {unknown}
 q - a scroll of amnesia {unknown}
 s - a scroll of acquirement {unknown}
 t - 2 scrolls of brand weapon {unknown}
 u - 3 scrolls of immolation {unknown}
 y - a scroll of noise {unknown}
 C - 2 scrolls of fog {unknown}
 E - 3 scrolls of summoning {unknown}
 H - 2 scrolls of fear {unknown}
 M - a scroll of silence {unknown}
Potions
 p - 3 potions of curing
 v - a potion of ambrosia {unknown}
 z - 2 potions of magic
 B - a potion of haste {unknown}
 D - 2 potions of lignification {unknown}
 J - a potion of invisibility
 S - a potion of might {unknown}


   Skills:
 - Level 5.0 Fighting
 * Level 8.1 Short Blades
 - Level 6.0 Maces & Flails
 - Level 2.0 Armour
 - Level 2.0 Dodging
 - Level 5.0 Stealth
 - Level 4.0 Spellcasting
 - Level 3.0 Transmutations
 - Level 1.0 Poison Magic
 - Level 3.0 Evocations


You had 11 spell levels left.
You knew the following spells:

 Your Spells              Type           Power      Damage    Failure   Level
a - Beastly Appendage     Tmut           16%        N/A       9%          1
e - Wereblood             Tmut           8%         N/A       12%         2
p - Spider Form           Tmut/Pois      6%         N/A       36%         3

Your spell library contained the following spells:

 Spells                   Type           Power      Damage    Failure   Level
 Summon Small Mammal      Summ           8%         N/A       28%         1
 Call Canine Familiar     Summ           2%         N/A       63%         3
 Dazzling Flash           Conj/Hex       4%         N/A       63%         3
 Summon Guardian Golem    Hex/Summ       2%         N/A       63%         3
 Manifold Assault         Tloc           2%         N/A       95%         4
 Agony                    Necr           2%         N/A       100%        5
 Silence                  Hex/Air        1%         N/A       100%        5
 Dispersal                Tloc           1%         N/A       100%        6
 Disjunction              Tloc           1%         N/A       100%        8


Dungeon Overview and Level Annotations

Branches:
Dungeon (8/15)             Temple (1/1) D:7           Sewer (visited)
   Lair: D:8-11

Altars:
Ashenzari
Cheibriados
Dithmenos
Elyvilon
Fedhas
Gozag
Hepliaklqana
Kikubaaqudgha
Makhleb
Nemelex Xobeh
Okawaru
Qazlal
Ru
Sif Muna
Trog
Uskayaw
Vehumet
Wu Jian
Xom
Yredelemnul
Zin
The Shining One

Shops:
D:6 ([   D:7 *

Annotations:
D:3 3 runed translucent doors, Dittersdorf's ghost, amateur GrFi
D:7 3 runed translucent doors, cheesebisquit's ghost, novice DrAE
D:8 Erica


Innate Abilities, Weirdness & Mutations

You have razor-sharp teeth.
Your natural rate of healing is unusually fast.
When hurt, damage is shared between your health and your magic reserves.
Your bite disrupts and absorbs the magic of your enemies.
Potions cannot restore your health.


Message History

The wyvern barely misses you.
You completely miss the wyvern. You bite the wyvern! You drain its power.
You feel invigorated.
The wyvern is severely wounded.
The wyvern bites you.
You can now pass through a line of other dancers.
You barely miss the wyvern. Your bite misses the wyvern.
The wyvern is severely wounded.
The wyvern bites you but does no damage.
You hit the wyvern but do no damage. You bite the wyvern. You drain its power.
You feel invigorated.
The wyvern is severely wounded.
You hit the wyvern but do no damage. Your bite misses the wyvern.
The wyvern is severely wounded.
The wyvern bites you!
Aiming: Line Pass
Press: ? - help, Dir - move target The wyvern appears confused.
You can no longer pass through a line of other dancers.
The wyvern seems less confused.
The wyvern bites you!
You hit the wyvern but do no damage.
The wyvern is severely wounded.
The wyvern bites you!
You hit the wyvern but do no damage. Your bite misses the wyvern.
The wyvern is severely wounded.
The wyvern barely misses you.
You hit the wyvern.
The wyvern is severely wounded.
The wyvern closely misses you.
You closely miss the wyvern. Your bite misses the wyvern.
The wyvern is severely wounded.
The wyvern bites you!
You hit the wyvern but do no damage.
The wyvern is severely wounded.
The wyvern bites you.
* * * LOW HITPOINT WARNING * * *
You hit the wyvern but do no damage. You punch the wyvern, but do no damage.
The wyvern is severely wounded.
The wyvern bites you!
You die...

#.......##.#
.........#..#
...<.........#####
#......#.........## ###
#.................# #.##
...#..##..........###..#
#.# .... .#..#....##...#
#. ....#
##......##..#### ..
.....# #.#..@l.##.#..#
.# #.#..# #...........#
### # ##...
##..........# ##.##
#..#......####...##
#..#......###......
#.....<...........#
###...............###
#.......##.#.#..###
..#.###...####.###


You could see a wyvern.

Vanquished Creatures
  Grinder (Sewer)
  A steam dragon (D:8)
  2 water moccasins
  2 orc warriors (D:7)
  A sky beast (D:7)
  2 black bears
  An ice beast (D:6)
  2 centaurs
  2 ogres
  A phantom (D:5)
  4 kobold brigands
  A bullfrog (D:6)
  A necrophage (Sewer)
  2 scorpions
  3 wyvern zombies (D:6)
  9 wights
  3 howler monkeys
  A centaur zombie (D:6)
  4 orc priests
  4 hounds
  A gnoll bouda (D:4)
  2 sleepcaps
  An iguana (D:3)
  3 orc wizards
  3 killer bee zombies (D:6)
  29 gnolls
  7 adders
  3 river rats (D:3)
  4 shadow imps
  3 white imps
  8 ufetubi
  3 worms
  4 dart slugs
  33 orcs
  8 ball pythons
  7 bats
  A bat zombie (Sewer)
  10 endoplasms
  2 giant cockroaches
  4 goblins
  7 hobgoblins
  18 jackals
  3 quokkas
  A frilled lizard (D:2)
  32 kobolds
  8 rats
252 creatures vanquished.

Vanquished Creatures (others)
  A gnoll (D:2)
  An orc (D:4)
  12 plants
14 creatures vanquished.

Grand Total: 266 creatures vanquished

Notes
Turn   | Place    | Note
-------+----------+-------------------------------------------
     0 | D:1      | avis the Vine Stalker Artificer began the quest for the
                  | Orb.
     0 | D:1      | Reached XP level 1. HP: 9/9 MP: 2/2
    64 | D:1      | Reached skill level 1 in Fighting
   225 | D:1      | Reached skill level 1 in Spellcasting
   236 | D:1      | Reached XP level 2. HP: 14/14 MP: 2/4
   523 | D:1      | Reached XP level 3. HP: 15/18 MP: 4/6
  1149 | D:2      | Reached skill level 1 in Dodging
  1154 | D:2      | Gained mutation: Your natural rate of healing is unusually
                  | fast. [Vine Stalker growth]
  1154 | D:2      | Reached XP level 4. HP: 13/23 MP: 4/8
  1417 | D:2      | Found a faded altar of an unknown god.
  1707 | D:3      | Reached XP level 5. HP: 15/26 MP: 3/9
  1906 | D:3      | Found a runed translucent gate.
  1906 | D:3      | Found a runed translucent gate.
  1906 | D:3      | Found a runed translucent gate.
  1943 | D:3      | Noticed Dittersdorf's ghost (amateur GrFi)
  2022 | D:3      | Learned a level 2 spell: Wereblood
  2344 | D:3      | Reached XP level 6. HP: 32/32 MP: 11/11
  2349 | D:3      | Found a glowing drain.
  2363 | Sewer    | Entered a sewer
  2372 | Sewer    | Learned a level 1 spell: Beastly Appendage
  2483 | Sewer    | Found an ancient bone altar of Kikubaaqudgha.
  2487 | Sewer    | Reached XP level 7. HP: 37/37 MP: 11/13
  2545 | Sewer    | Noticed Grinder
  2561 | Sewer    | Killed Grinder
  3012 | D:3      | Upgraded the game from 0.31-a0-7-g51783674b7 to
                  | 0.31-a0-8-gd14b0f4ee2
  3066 | D:3      | Reached skill level 5 in Fighting
  3066 | D:3      | Reached skill level 1 in Transmutations
  3115 | D:4      | Learned a level 3 spell: Spider Form
  3121 | D:5      | Entered Level 5 of the Dungeon
  3194 | D:5      | Gained mutation: You have razor-sharp teeth. [Vine Stalker
                  | growth]
  3194 | D:5      | Reached XP level 8. HP: 35/43 MP: 15/15
  3235 | D:5      | Found a snail-covered altar of Cheibriados.
  3383 | D:4      | Found a glowing silver altar of Zin.
  3488 | D:4      | Reached skill level 2 in Short Blades
  3838 | D:4      | Reached skill level 1 in Poison Magic
  4013 | D:4      | Reached skill level 3 in Short Blades
  4190 | D:4      | Reached skill level 4 in Short Blades
  4207 | D:4      | Reached skill level 5 in Stealth
  4481 | D:5      | Reached skill level 1 in Maces & Flails
  4777 | D:6      | Reached XP level 9. HP: 47/47 MP: 16/16
  4844 | D:6      | Reached skill level 5 in Short Blades
  5009 | D:6      | Found Woul's Weapon Boutique.
  5121 | D:6      | Found Lorushroi's Antique Armour Shoppe.
  5362 | D:6      | Found a basalt altar of Yredelemnul.
  5410 | D:6      | Reached skill level 5 in Maces & Flails
  5455 | D:6      | Reached skill level 6 in Short Blades
  5809 | D:7      | Noticed a seven-headed hydra
  5834 | D:7      | Found a runed translucent gate.
  5835 | D:7      | Found a runed translucent gate.
  5835 | D:7      | Found a runed translucent gate.
  5835 | D:7      | Noticed cheesebisquit's ghost (novice DrAE)
  5841 | D:7      | Noticed a troll
  6270 | D:7      | Found Neva's Island Escapes.
  6289 | D:7      | Reached skill level 7 in Short Blades
  6371 | D:7      | Reached XP level 10. HP: 28/51 MP: 9/17
  6572 | D:7      | Found a staircase to the Ecumenical Temple.
  6581 | Temple   | Entered the Ecumenical Temple
  6618 | Temple   | Became a worshipper of Uskayaw the Reveller
  6740 | D:8      | Reached * piety under Uskayaw
  6772 | D:8      | Reached ** piety under Uskayaw
  6787 | D:7      | Reached *** piety under Uskayaw
  6818 | D:7      | Reached skill level 8 in Short Blades
  7036 | D:8      | Noticed Erica
  7128 | D:8      | Slain by a wyvern

Illustrated notes

Levels and vault maps discovered:
D:1:      amcnicky_arrival_double_pillar, layout_basic, chequers_mini_garden,
          dreamdust_mushroom_princess
D:2:      layout_basic, dilly_ecumenical_altar_fadedgnrine,
          nicolae_elevator_lobby_plus
D:3:      layout_loops_ring, portal_sewer_entry_e, gammafunk_ghost_icy,
          st_stairs_1, serial_bayou_ford_a, minmay_misc_feat_iff,
          kennysheep_flooded_box, amcnicky_mini_rare_corridor_liquid
D:4:      lemuel_castle_with_subvaults [lemuel_castle_interior_carwin_1],
          layout_loops_cross, mainiacjoe_overflow_paths
D:5:      layout_rooms, general_overflow_altar, hangedman_decor_clover_reticule
D:6:      layout_basic, nicolae_yredelemnul_corpse_copse, serial_shops, shop,
          shop
D:7:      layout_loops_cross, minmay_temple_entry_poolview,
          gammafunk_ghost_split, nicolae_island_escapes
D:8:      layout_cave_pools, lair_entry_dummy, uniq_erica, uniq_pikel, uniq_grum
Temple:   hellmonk_temple_of_storms

Skill      XL: |  1  2  3  4  5  6  7  8  9 10 |
---------------+-------------------------------+-----
Fighting       | 1 2 3 4 5 |  5.0
Spellcasting   | 1 2 3 4 |  4.0
Stealth        | 2 3 4 5 |  5.0
Dodging        | 1 2 |  2.0
Armour         | 2 |  2.0
Evocations     | 3 |  3.0
Transmutations | 2 3 |  3.0
Short Blades   | 4 7 8 |  8.1
Poison Magic   | 1 |  1.0
Maces & Flails | 2 5 6 |  6.0

Action                     |  1- 3 |  4- 6 |  7- 9 | 10-12 || total
---------------------------+-------+-------+-------+-------++-------
  Melee: Short sword       |   128 |   178 |    71 |    37 ||   414
         Bite              |    41 |    62 |   218 |    21 ||   342
         Club              |     4 |       |       |       ||     4
         Punch             |     1 |     3 |     7 |     3 ||    14
         Rapier            |       |    27 |       |       ||    27
         Dagger            |       |       |   485 |    22 ||   507
         Unarmed           |       |       |    14 |       ||    14
         Kick              |       |       |     4 |       ||     4
         Headbutt          |       |       |     3 |       ||     3
         Whip              |       |       |    80 |    15 ||    95
  Throw: Dart              |       |       |     1 |       ||     1
   Cast: Spider Form       |       |       |     2 |       ||     2
         Beastly Appendage |       |       |     1 |       ||     1
         Wereblood         |       |       |     1 |       ||     1
 Invoke: Line Pass         |       |       |       |     2 ||     2
  Evoke: Wand              |     1 |     9 |     3 |       ||    13
    Use: Scroll            |       |       |       |     5 ||     5
   Stab: Sleeping          |       |     3 |     3 |     1 ||     7
         Distracted        |       |       |     3 |       ||     3
         Confused          |       |       |       |     1 ||     1
         Paralysed         |       |       |       |     1 ||     1
 Armour: Leather armour    |    50 |    44 |   129 |    19 ||   242
         Skin              |       |       |     1 |       ||     1
  Dodge: Dodged            |    71 |   117 |   344 |    33 ||   565

Table legend: (Time is in decaauts)
 A = Elapsed time spent in this place.
 B = Non-inter-level travel time spent in this place.
 C = Inter-level travel time spent in this place.
 D = Time resting spent in this place.
 E = Time spent auto-exploring this place.
 F = Levels seen in this place.
 G = Mean time per level.
                   A        B        C        D        E       F      G
               +--------+--------+--------+--------+--------+-----+--------+
         Total |   7016 |   6405 |    611 |    434 |   2623 |  10 |  701.6 |
       Dungeon |   6554 |   5943 |    611 |    429 |   2593 |   8 |  819.2 |
        Temple |     67 |     67 |      0 |      0 |     18 |   1 |   67.0 |
         Sewer |    394 |    394 |      0 |      5 |     12 |   1 |  394.0 |
               +--------+--------+--------+--------+--------+-----+--------+

Top non-repeatable levels by time:
     D:4: 1127 daAuts
     D:7: 1090 daAuts
     D:3: 1053 daAuts
     D:1: 965 daAuts
     D:6: 951 daAuts
     D:2: 772 daAuts
     D:5: 483 daAuts
   Sewer: 394 daAuts
     D:8: 110 daAuts
  Temple: 67 daAuts
